 Dungeon Crawl Stone Soup version 0.30.1-3-gfc49f6343a (webtiles) character file.

Game seed: 4171078040730850163

448 Heoruswealwe the Magician (level 6, 0/32 HPs)
             Began as a Deep Elf Conjurer on July 26, 2023.
             Was a Follower of Vehumet.
             Slain by a wraith (3 damage)
             ... in an ossuary.
             The game lasted 00:38:16 (4209 turns).

Heoruswealwe the Magician (Deep Elf Conjurer)       Turns: 4209, Time: 00:38:16

Health: 0/32       AC:  2    Str:  4    XL:     6   Next: 73%
Magic:  7/18       EV: 12    Int: 25    God:    Vehumet [*.....]
Gold:   13         SH:  0    Dex: 13    Spells: 4/19 levels left

rFire   . . .        (no weapon)
rCold   . . .        (no shield)
rNeg    . . .        c - +0 robe
rPois   .            (no helmet)
rElec   .            (no cloak)
rCorr   .            (no gloves)
SInv    +            (no boots)
Will    +....        (no amulet)
Stlth   ++           k - ring of willpower
HPRegen 0.25/turn    j - ring of see invisible
MPRegen 0.16/turn

%: no passive effects
@: slowed, very slow
A: no striking features
a: Renounce Religion


You were in an ossuary.
You worshipped Vehumet.
Vehumet was aware of your devotion.
You visited 2 branches of the dungeon, and saw 5 of its levels.
You also visited: Ossuary.

You collected 187 gold pieces.
You spent 174 gold pieces at shops.

Inventory:

Armour
 c - a +0 robe (worn)
 l - a +0 robe
 u - a +0 robe
 v - a +0 robe
Jewellery
 j - a ring of see invisible (right hand)
 k - a ring of willpower (left hand)
 A - a ring of poison resistance
Wands
 d - a wand of polymorph (23)
 r - a wand of mindburst (12)
 w - a wand of roots (4)
Scrolls
 a - 2 scrolls of enchant armour
 h - 5 scrolls of teleportation
 n - a scroll of brand weapon
 p - a scroll of magic mapping
 q - 2 scrolls of blinking
 s - a scroll of fog
 y - a scroll of amnesia
 z - a scroll of identify
 B - 2 scrolls of poison {unknown}
 C - a scroll of immolation {unknown}
Potions
 b - a potion of magic
 e - 2 potions of berserk rage {unknown}
 f - 3 potions of curing {unknown}
 g - 2 potions of degeneration {unknown}
 i - a potion of haste {unknown}
 m - a potion of invisibility {unknown}
 o - 2 potions of attraction {unknown}
 t - a potion of resistance {unknown}
 x - 4 potions of heal wounds {unknown}


   Skills:
 - Level 2.4 Dodging
 - Level 2.4 Stealth
 + Level 7.1 Spellcasting
 + Level 7.0 Conjurations


You had 4 spell levels left.
You knew the following spells:

 Your Spells              Type           Power      Damage    Failure   Level
a - Magic Dart            Conj           100%       1d8       1%          1
b - Shock                 Conj/Air       100%       1d9       1%          1
c - Searing Ray           Conj           88%        2d7       1%          2
d - Dazzling Flash        Conj/Hex       52%        N/A       4%          3
e - Iskenderun's Mystic   Conj/Tloc      26%        2d7       16%         4
f - Fulminant Prism       Conj/Hex       13%        3d9       16%         4

Your spell library contained the following spells:

 Spells                   Type           Power      Damage    Failure   Level
 Volatile Blastmotes      Fire/Tloc      16%        2d11      21%         3
 Starburst                Conj/Fire      13%        6d5       93%         6


Dungeon Overview and Level Annotations

Branches:
Dungeon (4/15)             Temple (1/1) D:4         Ossuary (1/1)

Altars:
Ashenzari
Cheibriados
Dithmenos
Elyvilon
Fedhas
Gozag
Makhleb
Okawaru
Qazlal
Ru
Sif Muna
Trog
Uskayaw
Vehumet
Wu Jian
Yredelemnul
Zin

Shops:
D:3 ?


Message History

The wraith is heavily damaged.
You finish channelling your searing ray.
The wraith hits you! The wraith drains your vigour!
You feel yourself slow down.
Casting: Searing Ray (safe; 1% risk of failure)
Confirm with . or Enter, or press ? or * to list all spells.
Aiming: Searing Ray (safe; 1% risk of failure)
Press: ? - help, Shift-Dir - straight line, f/p - wraith
Aim: a wraith (heavily damaged, 82% to hit)
The searing ray hits the wraith!
The wraith is almost destroyed. (Press . to maintain the ray.)
The wraith hits you.
The searing ray hits the wraith but does no damage.
The wraith is almost destroyed.
The wraith misses you. The wraith hits you. The wraith drains your vigour!
You feel as though you will be slow longer.
The searing ray hits the wraith.
The wraith is almost destroyed.
The wraith closely misses you.
The searing ray hits the wraith but does no damage.
The wraith is almost destroyed.
You finish channelling your searing ray.
The wraith hits you. x2; The wraith drains your vigour!
You feel as though you will be slow longer.
Casting: Searing Ray (safe; 1% risk of failure)
Confirm with . or Enter, or press ? or * to list all spells.
Aiming: Searing Ray (safe; 1% risk of failure)
Press: ? - help, Shift-Dir - straight line, f/p - wraith
Aim: a wraith (almost destroyed, 82% to hit)
The searing ray misses the wraith. (Press . to maintain the ray.)
The wraith hits you!
* * * LOW HITPOINT WARNING * * *
The wraith drains your vigour!
You feel as though you will be slow longer.
The searing ray hits the wraith but does no damage.
The wraith is almost destroyed.
The wraith hits you.
You die...

#######################
......................#
....................∩.#
....#####'#####.......#
...##.........##......#
..##...#####...##.....#
.##...##...##...##....#
.#... #.?!?.##...#....#
.+.. ...?.?.'.W@'....#
.#. #...?.##...#....#
.## ##...##...##....#
..## .#####...##.....#
...## ....##......#
....#####+#####.......#
....................∩.#
......................#
########'''############


You could see a wraith.

Vanquished Creatures
  Sigmund (D:3)
  A hound (D:4)
  Ijyb (D:3)
  Natasha (thrice) (D:3)
  An iguana (D:4)
  A mummy (Ossuary)
  An adder (D:4)
  3 worms (D:3)
  A dart slug (D:4)
  An orc (D:3)
  4 bats (D:2)
  6 endoplasms
  2 giant cockroaches (D:3)
  14 hobgoblins
  4 jackals (D:3)
  8 kobolds
  3 quokkas
  3 ball pythons
  3 frilled lizards
  5 gnoll skeletons (Ossuary)
  4 goblins
  8 kobold skeletons (Ossuary)
  12 orc skeletons (Ossuary)
  6 rats
96 creatures vanquished.

Notes
Turn   | Place    | Note
-------+----------+-------------------------------------------
     0 | D:1      | Heoruswealwe the Deep Elf Conjurer began the quest for the
                  | Orb.
     0 | D:1      | Reached XP level 1. HP: 10/10 MP: 6/6
   352 | D:1      | Reached XP level 2. HP: 15/15 MP: 2/8
   355 | D:1      | Learned a level 2 spell: Searing Ray
   821 | D:1      | Found a faded altar of an unknown god.
  1422 | D:2      | Reached skill level 5 in Conjurations
  1422 | D:2      | Reached XP level 3. HP: 19/19 MP: 6/10
  1426 | D:2      | Learned a level 3 spell: Dazzling Flash
  1498 | D:1      | You fall into a shaft and drop 1 floor!
  2051 | D:3      | Found Banan's Magic Scroll Shoppe.
  2089 | D:3      | Bought a scroll of magic mapping for 90 gold pieces
  2089 | D:3      | Bought a scroll of noise for 12 gold pieces
  2089 | D:3      | Bought a scroll of identify for 24 gold pieces
  2293 | D:3      | Noticed Ijyb
  2303 | D:3      | Killed Ijyb
  2304 | D:3      | Reached XP level 4. HP: 13/24 MP: 0/12
  2309 | D:3      | Learned a level 4 spell: Fulminant Prism
  2338 | D:3      | Noticed Natasha
  2401 | D:3      | Killed Natasha
  2402 | D:3      | Reached skill level 5 in Spellcasting
  2638 | D:3      | Noticed a moth of wrath
  2641 | D:3      | Found a bloodstained altar of Trog.
  2860 | D:3      | Noticed Sigmund
  2866 | D:3      | Killed Sigmund
  2867 | D:3      | Reached XP level 5. HP: 28/28 MP: 7/15
  2867 | D:3      | Reached XP level 6. HP: 32/32 MP: 7/17
  2872 | D:3      | Learned a level 4 spell: Iskenderun's Mystic Blast
  3165 | D:3      | Noticed Natasha
  3171 | D:3      | Killed Natasha
  3274 | D:3      | Noticed Natasha
  3279 | D:3      | Killed Natasha
  3335 | D:3      | Bought a scroll of amnesia for 48 gold pieces
  3402 | D:4      | Found a staircase to the Ecumenical Temple.
  3436 | Temple   | Entered the Ecumenical Temple
  3614 | Temple   | Became a worshipper of Vehumet
  3738 | D:4      | Found a sand-covered staircase.
  3747 | Ossuary  | Entered an ossuary
  3747 | Ossuary  | Noticed a wraith
  3747 | Ossuary  | Noticed a wraith
  3747 | Ossuary  | Noticed a wraith
  4086 | Ossuary  | Reached * piety under Vehumet
  4086 | Ossuary  | Offered knowledge of Shock by Vehumet.
  4089 | Ossuary  | Learned a level 1 spell: Shock
  4194 | Ossuary  | Noticed a wraith
  4209 | Ossuary  | Slain by a wraith

Illustrated notes

Levels and vault maps discovered:
D:1:      dpeg_arrival_simpleton_c, layout_loops_corners,
          shapermc_ecumenical_altar_totnotflames, st_stairs_12
D:2:      layout_loops_corners, minmay_misc_feat_tiny, minmay_door_square
D:3:      layout_basic, tgw_trog, serial_shops, shop,
          hangedman_decor_clover_reticule, dk_vineyard_1, uniq_ijyb,
          uniq_natasha, uniq_sigmund
D:4:      layout_basic, minmay_temple_entry_tees,
          nicolae_ossuary_entry_monument, uniq_edmund
Temple:   eino_temple_rhombus
Ossuary:  ossuary_due_mausoleum

Skill      XL: |  1  2  3  4  5  6 |
---------------+-------------------+-----
Spellcasting   | 4 6 7 |  7.1
Conjurations   | 5 6 7 |  7.0
Dodging        | |  2.4
Stealth        | |  2.4

Action                     |  1- 3 |  4- 6 || total
---------------------------+-------+-------++-------
  Melee: Unarmed           |     2 |       ||     2
   Cast: Magic Dart        |    97 |    91 ||   188
         Searing Ray       |     2 |    12 ||    14
    Use: Scroll            |     3 |     3 ||     6
 Armour: Robe              |     5 |     2 ||     7
  Dodge: Dodged            |    10 |     9 ||    19
